 Dungeon Crawl Stone Soup version 0.31-a0-188-g5e087ee2ca (webtiles) character file.

Game seed: 18372777167938255171

335 qw the Skirmisher (level 6, -1/35 HPs)
             Began as a Deep Elf Hunter on June 23, 2023.
             Was an Initiate of Okawaru.
             Slain by an ogre
             ... wielding a +0 giant club
              (4 damage)
             ... on level 5 of the Dungeon.
             The game lasted 00:01:11 (3453 turns).

qw the Skirmisher (Deep Elf Hunter)                 Turns: 3453, Time: 00:01:11

Health: -1/35      AC:  6    Str:  8 (10) XL:     6   Next: 28%
Magic:  8/8        EV: 10    Int: 12 (14) God:    Okawaru [......]
Gold:   263        SH:  0    Dex: 17 (18) Spells: 5/5 levels left

rFire   + . .        Y - +2 shortbow
rCold   . . .        (shield currently unavailable)
rNeg    . . .        n - +0 ring mail
rPois   +            (no helmet)
rElec   .            (no cloak)
rCorr   .            j - +0 pair of gloves
SInv    .            (no boots)
Will    .....        (no amulet)
Stlth   +            m - ring of protection from fire
HPRegen 0.25/turn    h - ring of poison resistance
MPRegen 0.11/turn

%: no passive effects
@: no status effects
A: no striking features
a: Renounce Religion


You were on level 5 of the Dungeon.
You worshipped Okawaru.
Okawaru was noncommittal.
You visited 2 branches of the dungeon, and saw 6 of its levels.

You collected 263 gold pieces.


   Skills:
 - Level 2.1 Fighting
 + Level 9.7 Ranged Weapons
 - Level 2.4 Dodging
 - Level 1.2 Stealth


You had 5 spell levels left.
You didn't know any spells.
Your spell library was empty.

Inventory:

Hand Weapons
 Y - a +2 shortbow (weapon)
Armour
 i - the +1 leather armour "Petyrch" {rC+ SInv Stlth+}
   (You found it on level 5 of the Dungeon)

   rC:        It protects you from cold.
   SInv:      It lets you see invisible.
   Stlth:     It makes you more stealthy.
 j - a +0 pair of gloves (worn)
 n - a +0 ring mail (worn)
Jewellery
 e - a ring of resist corrosion
 h - a ring of poison resistance (right hand)
 m - a ring of protection from fire (left hand)
Wands
 a - a wand of digging (5)
Scrolls
 b - a scroll of amnesia {unknown}
Potions
 d - a potion of brilliance {unknown}
 f - a potion of heal wounds {unknown}
 l - a potion of magic {unknown}

Dungeon Overview and Level Annotations

Branches:
Dungeon (5/15)             Temple (1/1) D:4

Altars:
Ashenzari
Cheibriados
Dithmenos
Elyvilon
Gozag
Hepliaklqana
Kikubaaqudgha
Nemelex Xobeh
Okawaru
Qazlal
Uskayaw
Vehumet
Wu Jian
Xom
Zin
The Shining One

Portals:
Abyss: D:5

Annotations:
D:2 1 runed translucent door, Crazy Yiuf
D:4 3 runed translucent doors, qw's ghost, amateur DEHu
D:5 2 transporters, qw's ghost, novice DEHu


Message History

You shoot an arrow.
The arrow hits the orc wizard but does no damage.
The orc wizard is almost dead.
The orc wizard casts a spell at you. The puff of flame hits you. You resist.
You shoot an arrow. The arrow closely misses the orc.
The orc barely misses you.
You shoot an arrow.
The arrow hits the orc wizard but does no damage.
The orc wizard is almost dead.
The orc closely misses you. The orc wizard casts a spell at you.
The puff of flame hits you. You resist.
You shoot an arrow. The arrow hits the orc wizard!
You kill the orc wizard!
Okawaru accepts your kill. The orc misses you.
The ogre hits you with a +0 giant club!!
Ouch! That really hurt!
The orc hits you but does no damage.
You shoot an arrow. The arrow hits the ogre!
The ogre is moderately wounded.
The ogre closely misses you. The orc hits you with a +0 short sword.
3448 ||| READING scroll of teleportation.
As you read the scroll of teleportation, it crumbles to dust.
You feel strangely unstable. The orc hits you with a +0 short sword.
The ogre misses you.
You shoot an arrow. The arrow barely misses the ogre.
The orc hits you but does no damage.
You shoot an arrow. The arrow hits the ogre.
The ogre is moderately wounded.
Your surroundings seem slightly different.
You shoot an arrow. The arrow hits the ogre.
The ogre is heavily wounded.
You shoot an arrow. The arrow hits the ogre!
The ogre is severely wounded.
You shoot an arrow. The arrow hits the ogre.
The ogre is severely wounded.
The ogre hits you with a +0 giant club.
You die...

#...##.##x.### ###..#. #
#######...#W:....#^## #^#^...
#####.........####..##..##.##....
....#............####....###...#.
###.#............................
#.+............................
#.#.......###....?...#####..##.
#.#.......# #.......## ##....
#.#.......# #.@.....# ####.
#.#.......###.Oo....#
#.#.........+.......#
#.###....####.......##
#...........#......)).
########.....#.##.####
####....)..# #.##....# #. ####.).


You could see an ogre and an orc.

Vanquished Creatures
  An orc priest (D:4)
  3 iguanas
  4 orc wizards
  3 adders
  A worm (D:4)
  2 dart slugs
  12 orcs
  5 ball pythons
  4 endoplasms
  A giant cockroach (D:3)
  4 goblins (D:2)
  8 hobgoblins
  14 jackals (D:2)
  A quokka (D:2)
  4 bats (D:1)
  3 frilled lizards
  8 kobolds
  3 rats
81 creatures vanquished.

Notes
Turn   | Place    | Note
-------+----------+-------------------------------------------
     0 | D:1      | qw the Deep Elf Hunter began the quest for the Orb.
     0 | D:1      | Reached XP level 1. HP: 12/12 MP: 3/3
     0 | D:1      | 0 ||| qw: Version: 0.3-a-9-g12657ce
     0 | D:1      | 0 ||| qw: Game counter: 3528
     0 | D:1      | 0 ||| qw: Always use a shield: true
     0 | D:1      | 0 ||| qw: God list: Okawaru
     0 | D:1      | 0 ||| qw: Allow faded altars: false
     0 | D:1      | 0 ||| qw: Do Orc after D:15 true
     0 | D:1      | 0 ||| qw: Do second Lair branch before Depths: true
     0 | D:1      | 0 ||| qw: Lair rune preference: random
     0 | D:1      | 0 ||| qw: Plans: Normal
     0 | D:1      | 0 ||| PLANNING D:1-11
    62 | D:1      | You fall into a shaft and drop 1 floor!
    63 | D:2      | 63 ||| DROPPING scroll of butterflies.
    66 | D:2      | 66 ||| FLEEEEING.
    67 | D:2      | 67 ||| STAIRDANCE
    99 | D:1      | Reached XP level 2. HP: 16/16 MP: 4/4
   100 | D:1      | Reached skill level 6 in Ranged Weapons
   388 | D:1      | 388 ||| UPGRADING to ring of resist corrosion.
   493 | D:2      | Reached XP level 3. HP: 20/20 MP: 5/5
   509 | D:2      | Found a runed translucent door.
   510 | D:2      | Noticed Crazy Yiuf
   705 | D:2      | Reached skill level 7 in Ranged Weapons
   748 | D:2      | HP: 2/20 [goblin/+0 club (4)]
  1038 | D:2      | Reached XP level 4. HP: 25/25 MP: 6/6
  1249 | D:2      | 1249 ||| UPGRADING to +0 pair of gloves.
  1254 | D:2      | 1254 ||| UPGRADING to +0 ring mail.
  1264 | D:2      | 1264 ||| DROPPING +0 leather armour.
  1265 | D:2      | 1265 ||| UPGRADING to ring of poison resistance.
  1266 | D:2      | 1266 ||| UPGRADING to ring of protection from fire.
  1268 | D:2      | 1268 ||| READING 2 scrolls labelled EBIOJI MOFU.
  1269 | D:2      | 1269 ||| READING scroll labelled POEDDOIMAU.
  1270 | D:2      | 1270 ||| READING scroll labelled BOUMICU YTTAO.
  1271 | D:2      | 1271 ||| READING scroll labelled UNULIXU YRGHUCO.
  1272 | D:2      | 1272 ||| READING scroll labelled TEDASE OT XOME.
  1275 | D:2      | 1275 ||| READING scroll labelled RUTWIU SINIDGH.
  1276 | D:2      | 1276 ||| DRINKING 2 coppery potions.
  1277 | D:2      | 1277 ||| DROPPING scroll of noise.
  1326 | D:3      | 1326 ||| DRINKING potion of curing.
  1326 | D:3      | 1326 ||| (to cure confusion)
  1343 | D:3      | Reached skill level 8 in Ranged Weapons
  1973 | D:3      | 1973 ||| READING scroll of enchant weapon.
  1973 | D:3      | 1973 ||| ENCHANTING +1 shortbow.
  2172 | D:3      | 2172 ||| READING scroll labelled HOCOLUFAIKK.
  2173 | D:3      | 2173 ||| READING scroll labelled ODDOXZ LUKAT.
  2207 | D:4      | Reached XP level 5. HP: 29/29 MP: 7/7
  2220 | D:4      | Found a staircase to the Ecumenical Temple.
  2221 | D:4      | 2221 ||| PLANNING TEMPLE
  2234 | Temple   | Entered the Ecumenical Temple
  2315 | Temple   | 2315 ||| PLANNING OKAWARU WORSHIP
  2325 | Temple   | Became a worshipper of Warmaster Okawaru
  2326 | Temple   | 2326 ||| PLANNING D:1-11
  2423 | D:4      | Reached skill level 9 in Ranged Weapons
  2468 | D:4      | Found a runed translucent gate.
  2468 | D:4      | Found a runed translucent gate.
  2471 | D:4      | Found a runed translucent gate.
  2473 | D:4      | Noticed qw's ghost (amateur DEHu)
  2917 | D:4      | Reached XP level 6. HP: 35/35 MP: 8/8
  3074 | D:4      | 3074 ||| READING scroll labelled LAYMUR VAERIGO.
  3075 | D:4      | 3075 ||| READING scroll labelled TAEGESCH XYOBOH.
  3076 | D:4      | 3076 ||| READING scroll labelled ONAVVI VUTIB.
  3077 | D:4      | 3077 ||| DRINKING 3 amethyst potions.
  3078 | D:4      | 3078 ||| DROPPING 2 potions of degeneration.
  3099 | D:5      | Entered Level 5 of the Dungeon
  3203 | D:5      | Found a transporter.
  3203 | D:5      | Noticed a small abomination
  3209 | D:5      | Found a transporter.
  3210 | D:5      | Found a one-way gate to the infinite horrors of the Abyss.
  3210 | D:5      | Noticed a small abomination
  3210 | D:5      | Noticed qw's ghost (novice DEHu)
  3215 | D:5      | Noticed a small abomination
  3303 | D:5      | Identified the +1 leather armour "Petyrch" {rC+ SInv
                  | Stlth+}
  3422 | D:5      | Noticed a small abomination
  3441 | D:5      | 3441 ||| DRINKING potion of curing.
  3441 | D:5      | 3441 ||| (to cure confusion)
  3447 | D:5      | HP: 6/35 [orc/+0 short sword (3)]
  3448 | D:5      | 3448 ||| READING scroll of teleportation.
  3448 | D:5      | HP: 1/35 [orc/+0 short sword (5)]
  3453 | D:5      | Slain by an ogre

Levels and vault maps discovered:
D:1:      lemuel_arrival_river_bridge, layout_rooms
D:2:      layout_loops_ring, uniq_crazy_yiuf_cottage
D:3:      layout_loops_corners, grunt_decor_cap
D:4:      layout_basic, minmay_temple_entry_offerings,
          gammafunk_ghost_necromancy, st_stairs_12, kennysheep_nub,
          kennysheep_generic_room_14
D:5:      layout_basic, gammafunk_ghost_abyssal_escape, dreamdust_gnoll_farm
Temple:   nicolae_temple_superstar

Skill      XL: |  1  2  3  4  5 |
---------------+----------------+-----
Ranged Weapons | 6 7 8 9 |  9.7
Fighting       | 2 |  2.1
Dodging        | |  2.4
Stealth        | |  1.2

Action                     |  1- 3 |  4- 6 || total
---------------------------+-------+-------++-------
   Fire: Shortbow          |   112 |   112 ||   224
    Use: Scroll            |       |    13 ||    13
         Potion            |       |     4 ||     4
 Armour: Leather armour    |    12 |       ||    12
         Ring mail         |       |    11 ||    11
  Dodge: Dodged            |    31 |    12 ||    43

Table legend:
 A = Non-vault XP
 B = Vault XP
 C = Vault XP percentage of total XP
 D = Non-vault monster count
 E = Vault monster count
 F = Vault count percentage of total count
                 A         B        C        D         E       F
            +---------+---------+-------+---------+---------+-------
      Total |     473 |       6 |   1.3 |      78 |       3 |   3.7
            +---------+---------+-------+---------+---------+-------
        D:1 |      29 |       0 |   0.0 |      19 |       0 |   0.0
        D:2 |      68 |       0 |   0.0 |      27 |       0 |   0.0
        D:3 |      91 |       0 |   0.0 |      11 |       0 |   0.0
        D:4 |     190 |       6 |   3.1 |      15 |       3 |  16.7
        D:5 |      95 |       0 |   0.0 |       6 |       0 |   0.0
            +---------+---------+-------+---------+---------+-------
